 Dungeon Crawl Stone Soup version 0.31-b1-22-gc680215f68 (webtiles) character file.

Game seed: 4807501561247412889

678 groovy9 the Trooper (level 7, -1/44 HPs)
             Began as a Gargoyle Berserker on Jan 18, 2024.
             Was a Believer of Trog.
             Incinerated by a bombardier beetle (5 damage)
             ... with a burning spray
             ... on level 6 of the Dungeon.
             The game lasted 00:11:48 (5604 turns).

groovy9 the Trooper (Gargoyle Berserker)            Turns: 5604, Time: 00:11:48

Health: -1/44      AC: 14    Str: 23    XL:     7   Next: 60%
Magic:  7/7        EV:  9    Int:  7    God:    Trog [**....]
Gold:   238        SH:  0    Dex:  9    Spells: 6/6 levels left

rFire   . . .        a - +0 hand axe
rCold   + . .        (no shield)
rNeg    + . .        d - +0 chain mail
rPois   ∞            (no helmet)
rElec   +            (no cloak)
rCorr   .            (no gloves)
SInv    .            (no boots)
Will    +....        (no amulet) Stlth
                     p - ring of Qywotoad {rC+ Will+ Stlth+}
HPRegen 0.27/turn    (no ring)
MPRegen 0.10/turn

%: no passive effects
@: on fire, on berserk cooldown, glowing
A: sickness immunity, AC +4, negative energy resistance 1, electricity
resistance, torment resistance 1, petrification resistance
a: Renounce Religion, Berserk, Trog's Hand


You were on level 6 of the Dungeon.
You worshipped Trog.
Trog was pleased with you.
You visited 1 branch of the dungeon, and saw 6 of its levels.

You collected 238 gold pieces.

Inventory:

Hand Weapons
 a - a +0 hand axe (weapon)
 r - a +0 war axe
Armour
 d - a +0 chain mail (worn)
Jewellery
 m - an amulet of magic regeneration
 p - the ring of Qywotoad (left hand) {rC+ Will+ Stlth+}
   (You found it on level 4 of the Dungeon)

   [ring of willpower]

   rC+:       It protects you from cold.
   Will+:     It increases your willpower.
   Stlth+:    It makes you more stealthy.
Wands
 l - a wand of flame (5)
 o - a wand of mindburst (16)
Scrolls
 c - 3 scrolls of identify {unknown}
 e - a scroll of noise {unknown}
 i - a scroll of revelation {unknown}
 j - a scroll of immolation {unknown}
 n - a scroll of enchant weapon {unknown}
 q - a scroll of brand weapon {unknown}
Potions
 b - a potion of magic {unknown}
 f - a potion of haste {unknown}
 g - 3 potions of might {unknown}
 h - a potion of degeneration {unknown}
 k - 2 potions of enlightenment {unknown}


   Skills:
 + Level 5.3 Fighting
 + Level 4.7 Axes
 + Level 4.8 Armour
 - Level 1.5 Dodging
 + Level 4.0 Shields


You had 6 spell levels left.
You didn't know any spells.
Your spell library was empty.

Dungeon Overview and Level Annotations

Branches:
Dungeon (6/15)
 Temple: D:4-7

Altars:
Cheibriados
Gozag
Kikubaaqudgha
Makhleb
Okawaru
Sif Muna
Vehumet
Wu Jian
The Shining One


Innate Abilities, Weirdness & Mutations

You are immune to sickness and miasma.
Your stone body is resilient. (AC +4)
You are immune to poison.
You resist negative energy. (rN+)
You are resistant to electric shocks. (rElec)
You are resistant to unholy torment.
You are immune to petrification.


Message History

The burning spray hits you.
You are covered in liquid fire!
You slash the bombardier beetle!
The bombardier beetle is heavily wounded.
The liquid fire burns you!
The bombardier beetle closely misses you.
You barely miss the bombardier beetle.
The bombardier beetle is heavily wounded.
The liquid fire burns you!
The bombardier beetle sprays incendiary fluid at you.
The burning spray hits you.
You are even more covered in liquid fire!
You hit the bombardier beetle but do no damage.
The bombardier beetle is heavily wounded.
The liquid fire burns you!
You feel yourself speed up.
The bombardier beetle sprays incendiary fluid at you.
The burning spray hits you.
You are even more covered in liquid fire!
You hit the bombardier beetle.
The bombardier beetle is severely wounded.
The liquid fire burns you!
The bombardier beetle closely misses you.
You completely miss the bombardier beetle.
The bombardier beetle is severely wounded.
The liquid fire burns you! The bombardier beetle bites you.
* * * LOW HITPOINT WARNING * * *
You shake off some of the fire as you move.
The liquid fire burns you!
* * * LOW HITPOINT WARNING * * *
You shake off some of the fire as you move.
The liquid fire burns you!
* * * LOW HITPOINT WARNING * * *
Things that are here:
a +0 dire flail; a +0 orcbow; a +0 plate armour
Okay, then.
You shake off some of the fire as you move.
The liquid fire burns you!
You die...

###### #######....# #####
####..##......## ....##
##...#..........#
.....####...##.........##
.....##...#####.......##
........### #.@....##
.......## ##))..##
.......# #.#### ...>...#
#B.# ........# #######)#
.......## #.....#.###
.......# #.........##
.......# ##..........#
..>...## #..o.o..<...##


You could see a bombardier beetle.

Vanquished Creatures
  An orc warrior (D:6)
  2 howler monkeys
  2 bombardier beetles
  A crimson imp (D:3)
  2 jellies (D:5)
  3 orc priests
  2 orc wizards
  4 gnolls (D:3)
  4 adders
  2 ribbon worms
  A dart slug (D:1)
  22 orcs
  8 endoplasms
  4 giant cockroaches
  7 hobgoblins
  10 jackals
  5 kobolds
  5 quokkas
  4 ball pythons
  4 bats
  4 frilled lizards
  5 goblins
  3 rats (D:3)
105 creatures vanquished.

Notes
Turn   | Place    | Note
-------+----------+-------------------------------------------
     0 | D:1      | groovy9 the Gargoyle Berserker began the quest for the Orb.
     0 | D:1      | Reached XP level 1. HP: 14/14 MP: 1/1
   112 | D:1      | Reached XP level 2. HP: 18/19 MP: 2/2
   316 | D:1      | Reached skill level 1 in Shields
   323 | D:1      | Found a faded altar of an unknown god.
   409 | D:1      | Reached XP level 3. HP: 23/23 MP: 3/3
   855 | D:1      | Reached ** piety under Trog
  1670 | D:2      | Reached XP level 4. HP: 29/29 MP: 4/4
  2271 | D:3      | HP: 2/43 [gnoll/+0 flail (9)]
  2274 | D:3      | Reached skill level 4 in Fighting
  2274 | D:3      | Reached XP level 5. HP: 4/33 MP: 5/5
  2353 | D:3      | Found an opulent altar of Gozag.
  2652 | D:3      | Found a burning altar of Makhleb.
  2653 | D:3      | Found a radiant altar of Vehumet.
  2673 | D:3      | Reached XP level 6. HP: 15/39 MP: 6/6
  3256 | D:4      | Identified the +1 leather armour "Jasunott" {Rampage rPois
                  | Regen+ Int-3}
  3371 | D:4      | You fall into a shaft and drop 2 floors!
  3371 | D:6      | Found an ornate altar of the Wu Jian Council.
  3416 | D:5      | Entered Level 5 of the Dungeon
  3663 | D:4      | Found Hivounuk's Armour Boutique.
  3707 | D:4      | Reached XP level 7. HP: 25/44 MP: 7/7
  4128 | D:4      | Reached skill level 5 in Fighting
  4238 | D:4      | Found an ancient bone altar of Kikubaaqudgha.
  4238 | D:4      | Found an iron altar of Okawaru.
  4244 | D:4      | Identified the ring of Qywotoad {rC+ Will+ Stlth+}
  4247 | D:4      | Found a shimmering blue altar of Sif Muna.
  4249 | D:4      | Found a snail-covered altar of Cheibriados.
  4251 | D:4      | Found a glowing golden altar of the Shining One.
  5604 | D:6      | Incinerated by a bombardier beetle

Illustrated notes

Levels and vault maps discovered:
D:1:      psy_arrival_radial01, layout_basic, basic_ecumenical_altar,
          minmay_stone_trees_medium, minmay_parallelograms, minmay_pentomino_r2
D:2:      layout_loops_ring
D:3:      layout_basic, grunt_temple_overflow_lords_of_destruction,
          mainiacjoe_overflow_brackets
D:4:      layout_basic, chequers_temple_overflow_minitemple, serial_shops, shop
D:5:      layout_layer_cave
D:6:      layout_cave_pods, mainiacjoe_overflow_concentric_impassable

Skill      XL: |  1  2  3  4  5  6  7 |
---------------+----------------------+-----
Axes           | 3 4 |  4.7
Shields        | 1 2 3 4 |  4.0
Armour         | 3 4 |  4.8
Fighting       | 4 5 |  5.3
Dodging        | |  1.5

Action                     |  1- 3 |  4- 6 |  7- 9 || total
---------------------------+-------+-------+-------++-------
  Melee: Hand axe          |   120 |   249 |    69 ||   438
         Punch             |     1 |     2 |       ||     3
 Invoke: Berserk           |     2 |     7 |     3 ||    12
         Trog's Hand       |       |     6 |     2 ||     8
 Armour: Animal skin       |    23 |       |       ||    23
         Chain mail        |    53 |   216 |    37 ||   306
  Dodge: Dodged            |    52 |    97 |    26 ||   175
